 Seeded DCSS version 0.30-a0-6-g7c9e10e132 (webtiles) character file.

Game seed: 1 (custom seed)

570 Kazon the Covered (level 6, -3/52 HPs)
             Began as a Demigod Fighter on Aug 22, 2022.
             Slain by an ogre
             ... wielding a +0 giant club
              (18 damage)
             ... on level 4 of the Dungeon.
             The game lasted 00:12:08 (2408 turns).

Kazon the Covered (Demigod Fighter)                 Turns: 2408, Time: 00:12:08

Health: -3/52      AC: 11    Str: 21    XL:     6   Next: 86%
Magic:  8/8        EV: 10    Int: 10    God:
Gold:   49         SH:  5    Dex: 17    Spells: 5/5 levels left

rFire   . . .      SeeInvis .    s - +3 falchion of Winter {venom, rCorr}
rCold   . . .      Faith    .    c - +0 buckler
rNeg    . . .      Spirit   .    b - +0 scale mail
rPois   .          Reflect  .    j - +0 helmet
rElec   .          Harm     .    (no cloak)
rCorr   +          Rampage  .    (no gloves)
Will    .....                    l - +2 pair of boots
Stlth   ..........               o - amulet of regeneration
HPRegen 0.97/turn                (no ring)
MPRegen 0.11/turn                (no ring)

@: studying Shields
A: high MP 1, forlorn, divine attributes
a: no special abilities


You were on level 4 of the Dungeon.
You visited 1 branch of the dungeon, and saw 4 of its levels.

You collected 233 gold pieces.
You spent 184 gold pieces at shops.

Inventory:

Hand Weapons
 a - a +0 long sword
 q - a +2 dagger of venom
 s - the +3 falchion of Winter (weapon) {venom, rCorr}
   (You bought it in a shop on level 3 of the Dungeon)

   It poisons the flesh of those it strikes.
   rCorr:     It protects you from acid and corrosion.
Missiles
 i - 3 stones
 m - 3 boomerangs
 n - 6 poisoned darts (quivered)
Armour
 b - a +0 scale mail (worn)
 c - a +0 buckler (worn)
 j - a +0 helmet (worn)
 l - a +2 pair of boots (worn)
Jewellery
 o - an amulet of regeneration (around neck)
Wands
 x - a wand of mindburst (12)
Scrolls
 e - a scroll of identify {unknown}
 p - a scroll of fog {unknown}
 r - a scroll of immolation {unknown}
 u - 2 scrolls of enchant weapon {unknown}
 v - a scroll of blinking {unknown}
Potions
 d - a potion of might
 f - a potion of haste {unknown}
 g - a potion of flight {unknown}
 h - a potion of attraction {unknown}
 k - a potion of berserk rage {unknown}
 t - a potion of magic {unknown}
 w - a potion of ambrosia {unknown}


   Skills:
 * Level 3.7 Fighting
 + Level 4.2 Long Blades
 + Level 1.6 Throwing
 + Level 4.3 Armour
 + Level 1.4 Dodging
 + Level 3.6 Shields
 * Level 1.5 Evocations


You had 5 spell levels left.
You didn't know any spells.
Your spell library contained the following spells:

 Spells                   Type           Power      Damage    Failure   Level
 Apportation              Tloc           0%         N/A       78%         1
 Necrotise                Necr           0%         1d4       78%         1
 Sting                    Tmut/Pois      0%         1d3       78%         1
 Summon Small Mammal      Summ           0%         N/A       78%         1
 Poisonous Vapours        Pois/Air       0%         N/A       89%         2
 Olgreb's Toxic Radiance  Pois           0%         N/A       100%        4


Dungeon Overview and Level Annotations

Branches:
Dungeon (4/15)
 Temple: D:4-7

Shops:
D:3 (

Annotations:
D:4 Natasha


Innate Abilities, Weirdness & Mutations

You have an increased reservoir of magic. (+10% MP)
You shall have no god before yourself.
Your divine heritage dramatically boosts your attributes as you level up.


Message History

You completely miss the phantom. The phantom barely misses you.
You slash the phantom!
The phantom is moderately damaged.
The phantom hits you but does no damage.
You barely miss the phantom.
The phantom is moderately damaged.
The phantom completely misses you.
You closely miss the phantom.
The phantom is moderately damaged.
The phantom hits you.
You slash the phantom!
The phantom is severely damaged.
The phantom hits you.
The phantom blinks!
You blink.
You slash the phantom!
The phantom is almost destroyed.
The phantom hits you but does no damage.
You slash the phantom!
You destroy the phantom!
Throw: 7 darts (poison)
Press: ? - help, Q - select action, (/) - cycle Shift-Dir - straight line, f - ogre
Aim: an ogre, wielding a +0 giant club (75% to hit)
You throw a poisoned dart.
The poisoned dart barely misses the ogre.
Unknown command.
You barely miss the ogre. The ogre hits you with a +0 giant club!
You hit the ogre but do no damage.
The ogre is poisoned.
The ogre hits you with a +0 giant club!
You hit the ogre.
The ogre looks as sick as possible!
The ogre is moderately wounded.
You hit the ogre.
The ogre is heavily wounded.
The ogre hits you with a +0 giant club!
* * * LOW HITPOINT WARNING * * *
You barely miss the ogre.
The ogre is severely wounded.
The ogre completely misses you.
You see here a +0 hand axe.
The ogre attacks as you move away!
The ogre hits you with a +0 giant club!!
You die...

####### #)....
###.... ..... ...
####### ####.#
..#...###..#.######
#...###(....go.O@.#
..###.[....######..+
###......#§# ###
#......###§#
.....###.gO#
...###.O.###
.###..g### ..##.o##
...##..g.#


You could see an ogre (very poisoned), an orc and a hobgoblin.

Vanquished Creatures
  A water moccasin (D:4)
  A black bear (D:4)
  An ogre (D:4)
  A phantom (D:4)
  A howler monkey (D:4)
  A hound (D:4)
  An iguana (D:4)
  3 gnolls (D:2)
  2 adders (D:2)
  An ufetubus (D:4)
  2 worms
  2 dart slugs
  3 orcs
  7 endoplasms
  A giant cockroach (D:1)
  7 goblins
  8 hobgoblins
  7 jackals
  4 kobolds
  4 quokkas
  4 ball pythons
  2 bats
  4 frilled lizards
  5 rats
73 creatures vanquished.

Notes
Turn   | Place    | Note
-------+----------+-------------------------------------------
     0 | D:1      | Kazon the Demigod Fighter began the quest for the Orb.
     0 | D:1      | Reached XP level 1. HP: 18/18 MP: 3/3
    90 | D:1      | Identified a scroll of acquirement
    90 | D:1      | Acquired a manual of Shields
   284 | D:1      | Reached XP level 2. HP: 25/25 MP: 4/4
   846 | D:2      | Reached XP level 3. HP: 16/30 MP: 5/5
  1014 | D:3      | Found Umat's Antique Weapon Boutique.
  1122 | D:2      | Reached skill level 1 in Throwing
  1148 | D:2      | Reached XP level 4. HP: 38/38 MP: 6/6
  1845 | D:3      | Bought a crude falchion for 184 gold pieces
  1845 | D:3      | Identified the +3 falchion of Winter {venom, rCorr} (You
                  | bought it in a shop on level 3 of the Dungeon)
  1937 | D:4      | Noticed an ogre
  1939 | D:4      | Reached skill level 1 in Dodging
  1940 | D:4      | Noticed Natasha
  2112 | D:4      | Reached XP level 5. HP: 32/45 MP: 7/7
  2214 | D:4      | Noticed a water moccasin
  2216 | D:4      | Noticed an ogre
  2224 | D:4      | Killed a water moccasin
  2225 | D:4      | Reached XP level 6. HP: 18/51 MP: 8/8
  2256 | D:4      | Reached skill level 1 in Evocations
  2408 | D:4      | Slain by an ogre

Illustrated notes

Levels and vault maps discovered:
D:1:      dpeg_arrival_three_smaller_balls, layout_basic
D:2:      layout_loops_ring
D:3:      layout_basic, serial_shops, nicolae_shop_stone, st_stairs_7
D:4:      minmay_razor_zed, layout_basic, worldfamousw_hep_ancestral_shrine,
          uniq_eustachio, uniq_natasha

Skill      XL: |  1  2  3  4  5  6 |
---------------+-------------------+-----
Shields        | 3 |  3.6
Long Blades    | 2 3 4 |  4.2
Armour         | 3 4 |  4.3
Fighting       | 3 |  3.7
Throwing       | 1 |  1.6
Dodging        | 1 |  1.4
Evocations     | 1 |  1.5

Action                   |  1- 3 |  4- 6 || total
-------------------------+-------+-------++-------
Melee: Long sword        |   118 |    59 ||   177
       Falchion          |       |    64 ||    64
Throw: Stone             |     5 |     4 ||     9
       Dart              |       |     1 ||     1
  Use: Scroll            |     1 |       ||     1
Armor: Scale mail        |    57 |    55 ||   112
Dodge: Dodged            |    64 |    42 ||   106
Block: Buckler           |    28 |    24 ||    52

Table legend: (Time is in decaauts)
 A = Elapsed time spent in this place.
 B = Non-inter-level travel time spent in this place.
 C = Inter-level travel time spent in this place.
 D = Time resting spent in this place.
 E = Time spent auto-exploring this place.
 F = Levels seen in this place.
 G = Mean time per level.
                   A        B        C        D        E       F      G
               +--------+--------+--------+--------+--------+-----+--------+
         Total |   2474 |   2420 |     54 |      0 |    739 |   4 |  618.5 |
       Dungeon |   2474 |   2420 |     54 |      0 |    739 |   4 |  618.5 |
               +--------+--------+--------+--------+--------+-----+--------+

Top non-repeatable levels by time:
     D:2: 713 daAuts
     D:1: 676 daAuts
     D:3: 603 daAuts
     D:4: 482 daAuts
